 Dungeon Crawl Stone Soup version 0.26-a0-651-gb41185065b (webtiles) character file.

Game seed: 5974706368617703848

5255 Irenicus the Geomancer (level 10, -11/75 HPs)
             Began as a Deep Dwarf Earth Elementalist on Oct 24, 2020.
             Was an Elder of Makhleb.
             Killed from afar by a hell hog (33 damage)
             ... with a fireball
             ... on level 1 of the Abyss.
             The game lasted 00:36:56 (4209 turns).

Irenicus the Geomancer (DDEE)                       Turns: 4209, Time: 00:36:56

Health: -11/75     AC: 10    Str: 11    XL:     10   Next: 36%
Magic:  1/23       EV: 11    Int: 20    God:    Makhleb [****..]
Gold:   280        SH:  0    Dex: 15    Spells: 17/28 levels left

rFire    . . .     SeeInvis .   n - staff of earth (curse)
rCold    . . .     Faith    +   (no shield)
rNeg     + . .     Spirit   .   a - +0 ring mail {rPois}
rPois    +         Reflect  .   (helmet restricted)
rElec    .         Harm     .   c - +1 cloak
rCorr    .         Rampage  .   f - +1 pair of gloves
MR       +....                  i - +0 pair of boots
Stlth    +.........             q - amulet of faith {Faith, !P}
HPRegen  0.00/turn              s - ring of positive energy {rN+}
MPRegen  0.18/turn              (no ring)

@: non-regenerating
A: damage resistance, heal wounds, antennae 1, agile 1, sense surroundings 2,
screaming 1, evolution 1, no regeneration
a: Heal Wounds, Minor Destruction, Lesser Servant of Makhleb, Major Destruction,
Renounce Religion


You were on level 1 of the Abyss.
You worshipped Makhleb.
Makhleb was greatly pleased with you.
You visited 2 branches of the dungeon, and saw 12 of its levels.
You visited the Abyss 1 time.

You collected 527 gold pieces.
You spent 247 gold pieces at shops.

Inventory:

Missiles
 b - 93 stones (quivered)
Armour
 a - a +0 ring mail of poison resistance (worn)
   (You took it off an orc on level 10 of the Dungeon)
 c - a +1 cloak (worn)
   (You took it off Maurice on level 10 of the Dungeon)
 f - a +1 pair of gloves (worn)
   (You found it on level 11 of the Dungeon)
 i - a +0 pair of boots (worn)
   (You found it on level 1 of the Dungeon)
 t - the +1 robe "Viymariygo" {+Inv MR+ Regen+ Str+5}
   (You found it on level 4 of the Dungeon)

   It affects your strength (+5).
   It affects your resistance to hostile enchantments.
   It lets you turn invisible.
   It increases your rate of regeneration.
 v - a +1 helmet
   (You bought it in a shop on level 4 of the Dungeon)
 A - a +3 leather armour
   (You found it on level 8 of the Dungeon)
Magical Staves
 n - a cursed staff of earth (weapon)
   (You found it on level 3 of the Dungeon)
Jewellery
 q - an amulet of faith (around neck) {Faith, !P}
   (You found it on level 4 of the Dungeon)
 s - a ring of positive energy (left hand) {rN+}
   (You found it on level 4 of the Dungeon)
Wands
 z - a wand of random effects (5)
   (You found it on level 7 of the Dungeon)
Scrolls
 d - a scroll of random uselessness {unknown}
 g - a scroll of fear {unknown}
 h - a scroll of blinking {unknown}
 l - a scroll of magic mapping {unknown}
 m - 3 scrolls of teleportation
 p - 3 scrolls of enchant weapon
 r - 3 scrolls of remove curse {unknown}
 u - a scroll of enchant armour {unknown}
 w - 2 scrolls of fog {unknown}
 x - 7 scrolls of identify
 y - 2 scrolls of immolation {unknown}
Potions
 e - 7 potions of curing
 k - 2 potions of mutation {!q}
 o - a potion of brilliance
 C - 2 potions of stabbing
 D - a potion of lignification {!q}


   Skills:
 - Level 2.1 Dodging
 - Level 2.4 Stealth
 + Level 9.9 Spellcasting
 - Level 3.1 Conjurations
 - Level 0.8 Transmutations
 - Level 10.7 Earth Magic
 + Level 7.0 Evocations


You had 17 spell levels left.
You knew the following spells:

 Your Spells              Type           Power        Failure   Level
a - Sandblast             Erth           ######       1%          1
w - Passwall              Tmut/Erth      #####...     2%          2
x - Stone Arrow           Conj/Erth      ######       3%          3
z - Lee's Rapid Deconstr  Erth           ######....   5%          5

Your spell library contained the following spells:

 Spells                   Type           Power        Failure   Level
 Beastly Appendage        Tmut           ##....       12%         1
 Petrify                  Tmut/Erth      #####...     16%         4
 Corona                   Hex            #......      17%         1
 Wereblood                Tmut           ##......     19%         2
 Leda's Liquefaction      Hex/Erth       #####.....   19%         4
 Slow                     Hex            #.......     26%         2
 Spider Form              Tmut/Pois      ##........   38%         3
 Confusing Touch          Hex            #.......     45%         3
 Gell's Gravitas          Tloc           #.........   45%         3
 Inner Flame              Hex/Fire       #.......     45%         3
 Portal Projectile        Hex/Tloc       #.....       45%         3
 Ice Form                 Ice/Tmut       ##......     80%         4
 Cause Fear               Hex            #.........   86%         4
 Blade Hands              Tmut           ##........   97%         5
 Yara's Violent Unravell  Hex/Tmut       ##........   98%         5
 Metabolic Englaciation   Hex/Ice        #.........   99%         5


Dungeon Overview and Level Annotations

Branches:
Dungeon (11/15)            Temple (1/1) D:4             Orc (0/2) D:10
   Lair: D:8-11

Altars:
Ashenzari
Fedhas
Gozag
Hepliaklqana
Kikubaaqudgha
Makhleb
Nemelex Xobeh
Okawaru
Ru
Trog
Uskayaw
Vehumet
Wu Jian
Xom
Yredelemnul
Zin

Shops:
D:4 =**[:   D:6 !!=

Annotations:
D:11 Erolcha


Innate Abilities, Weirdness & Mutations

You are resistant to damage.
You can heal yourself by infusing magical energy.
You passively map the area around you.
You do not regenerate.
You have a pair of small antennae on your head.
You are agile. (Dex +2)
You occasionally shout uncontrollably at your foes.
You evolve.


Message History

You now have 6/23 mp.
Your magical contamination has completely faded away.
You now have 280 gold pieces (gained 13).
A great orb of eyes comes into view.
The great orb of eyes turns its gaze towards you.
The great orb of eyes gazes at you. You resist with some effort.
A hell hog comes into view.
The hell hog squeals angrily.
The great orb of eyes gazes at you.
You feel your power leaking away.
You now have 5/23 mp.
You see here 2 potions of mutation {!q}.
k - 2 potions of mutation {!q} The hell hog breathes fire at you.
The fireball explodes!
The fireball engulfs you!!!
Ouch! That really hurt!
* * * LOW HITPOINT WARNING * * *
You hear an angry squeal. x3
You take 40 damage, and have 7/75 hp.
MASSIVE DAMAGE!!
You feel much better.
You regained 24 hp, and now have 31/75 hp.
Casting: Sandblast (safe; 1% risk of failure)
Confirm with . or Enter, or press ? or * to list all spells.
Press: ? - help, Dir - move target cursor A rock wall.
You feel a surge of power!
You miscast Lee's Rapid Deconstruction.
You are very lightly contaminated with residual magic.
Rocks fall onto you out of nowhere.
You now have 2/23 mp.
Evoke which item? (* to show all) (? for menu, Esc to quit)
Okay, then.
As you read the scroll of teleportation, it crumbles to dust.
You feel strangely unstable.
You feel the power of the Abyss delaying your translocation!
A hell hog comes into view. x2
The great orb of eyes bites you.
A hell hog comes into view.
You shout at the hell hog!
The hell hog barely misses you. The hell hog breathes fire at you.
The fireball explodes!
The fireball engulfs you!!
* * * LOW HITPOINT WARNING * * *
The fireball engulfs the hell hog.
The hell hog resists.
The fireball engulfs the great orb of eyes!!
You take 16 damage, and have 15/75 hp.
MASSIVE DAMAGE!!
Casting: Lee's Rapid Deconstruction (dangerous; 5% risk of failure)
Confirm with . or Enter, or press ? or * to list all spells.
Aiming: Sandblast (safe; 1% risk of failure)
Press: ? - help, Shift-Dir - straight line, f - hell hog
Aim: a hell hog (lightly wounded, catching its breath)
Okay, then.
Casting: Sandblast (safe; 1% risk of failure)
Confirm with . or Enter, or press ? or * to list all spells.
Press: ? - help, Shift-Dir - straight line, f - hell hog
Aim: a hell hog (lightly wounded, catching its breath)
You feel a surge of power!
The blast of sand hits the hell hog!!
The hell hog is moderately wounded.
b - 95 stones The hell hog misses you.
The great orb of eyes gazes at you. You resist with some effort.
You now have 2/23 mp.
Casting: Sandblast (safe; 1% risk of failure)
Confirm with . or Enter, or press ? or * to list all spells.
Aiming: Sandblast (safe; 1% risk of failure)
Press: ? - help, Shift-Dir - straight line, f/p - hell hog
Aim: a hell hog (moderately wounded, catching its breath)
You feel a surge of power!
The blast of sand hits the hell hog!!
The hell hog is severely wounded.
b - 94 stones The hell hog bites you.
* * * LOW HITPOINT WARNING * * *
The great orb of eyes closely misses you.
The hell hog bites you.
You take 1 damage, and have 14/75 hp.
You now have 1/23 mp.
Casting: Sandblast (safe; 1% risk of failure)
Confirm with . or Enter, or press ? or * to list all spells.
Aiming: Sandblast (safe; 1% risk of failure)
Press: ? - help, Shift-Dir - straight line, f/p - hell hog
Aim: a hell hog (severely wounded, catching its breath)
You feel a surge of power!
The blast of sand hits the hell hog!
The hell hog is almost dead.
b - 93 stones The great orb of eyes gazes at you.
You are confused.
The hell hog completely misses you.
You now have 0/23 mp.
You feel better.
The hell hog bites you but does no damage.
The great orb of eyes bites you but does no damage.
The hell hog barely misses you.
You regained 8 hp, and now have 22/75 hp.
You completely miss the hell hog.
The hell hog is almost dead.
You are suddenly pulled into a different region of the Abyss!
Your magical contamination has completely faded away.
The hell hog breathes fire at you.
The fireball explodes!
The fireball engulfs you!!
You die...

#######+####
#..........##
#...........# #
#...........#..
#..........#.#
.#...$.@.?.....
..........#.#h#.
.#.............#
#...###.###.##
.'... #.#####
##.. #.... # ...
####### ...


You could see a hell hog (catching breath).

Vanquished Creatures
  A two-headed ogre (D:11)
  Urug (D:10)
  Maurice (D:10)
  Joseph (D:10)
  A troll (D:10)
  A wraith (D:10)
  2 wargs (D:10)
  3 orc warriors
  3 ice beasts
  A sky beast (D:8)
  A phantom (D:5)
  2 ogres
  2 centaurs
  2 big kobolds
  2 bullfrogs
  A wyvern skeleton (D:10)
  2 scorpions
  2 howler monkeys
  2 bullfrog zombies
  A jelly (D:8)
  8 hounds
  A centaur skeleton (D:7)
  3 orc priests
  6 orc wizards
  A bullfrog skeleton (D:7)
  Ijyb (D:4)
  3 iguanas
  5 worker ants
  A hound zombie (D:6)
  A howler monkey zombie (D:5)
  12 adders
  3 shadow imps
  4 white imps
  An ufetubus (D:6)
  An ooze (D:5)
  3 adder skeletons
  An adder zombie (D:7)
  2 worms (D:3)
  3 dart slugs
  4 leopard geckos
  22 orcs
  9 bats
  4 giant cockroaches
  8 goblins
  8 hobgoblins
  6 jackals
  2 quokkas
  4 ball pythons
  5 frilled lizards
  13 kobolds
  9 rats
186 creatures vanquished.

Vanquished Creatures (others)
  An orc wizard (D:7)
1 creature vanquished.

Grand Total: 187 creatures vanquished

Notes
Turn   | Place    | Note
-------+----------+-------------------------------------------
     0 | D:1      | Irenicus the Deep Dwarf Earth Elementalist began the quest
                  | for the Orb.
     0 | D:1      | Reached XP level 1. HP: 15/15 MP: 3/3
   123 | D:1      | Reached XP level 2. HP: 20/22 MP: 0/4
   166 | D:1      | Reached skill level 5 in Earth Magic
   199 | D:1      | Learned a level 2 spell: Passwall
   371 | D:2      | Reached XP level 3. HP: 21/28 MP: 0/5
   594 | D:3      | Reached skill level 6 in Earth Magic
   657 | D:3      | HP: 4/28 [worm (9)]
   700 | D:3      | Reached XP level 4. HP: 19/36 MP: 1/6
   799 | D:3      | Reached skill level 7 in Earth Magic
   913 | D:4      | Found Pula's Book Shoppe.
   914 | D:4      | HP: 9/36 [scorpion (1)]
   920 | D:3      | Reached skill level 8 in Earth Magic
   920 | D:3      | Reached XP level 5. HP: 8/42 MP: 0/7
  1010 | D:4      | Found Bonuz's Jewellery Shoppe.
  1036 | D:4      | Found Esuwiul's General Store.
  1052 | D:4      | Found a staircase to the Ecumenical Temple.
  1066 | Temple   | Entered the Ecumenical Temple
  1091 | Temple   | Became a worshipper of Makhleb the Destroyer
  1178 | D:4      | Found Lefucuh's Antique Armour Emporium.
  1183 | D:4      | Learned a level 3 spell: Stone Arrow
  1193 | D:4      | Irenicus: ?? shield of ignorance
  1193 | D:4      | beem: large shield of ignorance[1/1]: A +10 large shield
                  | with rN+ and Int-4 that may recurse itself when equipped
                  | (one chance in 3).
  1215 | D:4      | Found Uzxog's General Store.
  1251 | D:4      | Noticed Ijyb
  1253 | D:4      | Gained mutation: You are frail. (-10% HP) [potion of
                  | mutation]
  1253 | D:4      | Gained mutation: You are agile. (Dex +2) [potion of
                  | mutation]
  1253 | D:4      | Gained mutation: You occasionally shout uncontrollably at
                  | your foes. [potion of mutation]
  1253 | D:4      | Gained mutation: You evolve. [potion of mutation]
  1258 | D:4      | Killed Ijyb
  1258 | D:4      | Reached skill level 9 in Earth Magic
  1258 | D:4      | Reached XP level 6. HP: 10/44 MP: 0/8
  1335 | D:4      | Got a faintly glowing robe
  1364 | D:4      | Identified the +1 robe "Viymariygo" {+Inv MR+ Regen+ Str+5}
                  | (You found it on level 4 of the Dungeon)
  1452 | D:5      | Entered Level 5 of the Dungeon
  1458 | D:5      | Reached skill level 1 in Conjurations
  1607 | D:5      | Reached skill level 2 in Spellcasting
  1607 | D:5      | Reached skill level 2 in Conjurations
  1607 | D:5      | Reached XP level 7. HP: 44/49 MP: 1/10
  1619 | D:5      | Reached * piety under Makhleb
  1640 | D:5      | Reached skill level 10 in Earth Magic
  1736 | D:4      | Reached skill level 3 in Conjurations
  1770 | D:4      | Bought a glowing helmet for 187 gold pieces
  1946 | D:6      | Reached skill level 3 in Spellcasting
  1971 | D:6      | Found Wapnoitt's Distillery.
  1983 | D:6      | Found Asugugh's Distillery.
  1991 | D:6      | Bought a potion of heal wounds for 60 gold pieces
  1996 | D:6      | Found an iron altar of Okawaru.
  2019 | D:6      | Found a shimmering altar of Xom.
  2068 | D:6      | Found Jojowk's Jewellery Shop.
  2128 | D:6      | Reached XP level 8. HP: 27/55 MP: 2/13
  2154 | D:6      | Gained mutation: You have a pair of small antennae on your
                  | head. [evolution]
  2222 | D:6      | Reached skill level 4 in Spellcasting
  2290 | D:6      | Reached ** piety under Makhleb
  2388 | D:7      | Learned a level 5 spell: Lee's Rapid Deconstruction
  2480 | D:7      | Reached skill level 5 in Spellcasting
  2646 | D:7      | Found an opulent altar of Gozag.
  2646 | D:7      | Found a sacrificial altar of Ru.
  2646 | D:7      | Found an ornate altar of the Wu Jian Council.
  2646 | D:7      | Found a bloodstained altar of Trog.
  2835 | D:8      | Reached skill level 6 in Spellcasting
  2987 | D:8      | Reached skill level 7 in Spellcasting
  3057 | D:8      | Gained mutation: You passively map the area around you.
                  | [Deep Dwarf growth]
  3057 | D:8      | Reached XP level 9. HP: 42/61 MP: 1/19
  3071 | D:8      | Found a blossoming altar of Fedhas.
  3294 | D:9      | Reached *** piety under Makhleb
  3512 | D:10     | Entered Level 10 of the Dungeon
  3663 | D:10     | Noticed Joseph
  3664 | D:10     | Lost mutation: You are frail. (-10% HP) [evolution]
  3680 | D:10     | Killed Joseph
  3680 | D:10     | Reached skill level 8 in Spellcasting
  3701 | D:10     | Noticed a troll
  3710 | D:10     | Killed a troll
  3804 | D:10     | Noticed Urug
  3837 | D:10     | Noticed Maurice
  3842 | D:10     | Reached skill level 1 in Evocations
  3847 | D:10     | Killed Maurice
  3847 | D:10     | Reached skill level 9 in Spellcasting
  3847 | D:10     | Reached skill level 3 in Evocations
  3864 | D:10     | Reached skill level 4 in Evocations
  3897 | D:10     | Found a staircase to the Orcish Mines.
  3977 | D:10     | HP: 12/68 [Urug/javelin (25)]
  3984 | D:10     | Killed Urug
  3984 | D:10     | Reached skill level 5 in Evocations
  3984 | D:10     | Reached XP level 10. HP: 42/75 MP: 1/23
  4051 | D:11     | Noticed a two-headed ogre
  4061 | D:11     | Killed a two-headed ogre
  4061 | D:11     | Reached skill level 6 in Evocations
  4079 | D:11     | Reached **** piety under Makhleb
  4079 | D:11     | Reached skill level 7 in Evocations
  4165 | D:11     | Noticed Erolcha
  4170 | D:11     | Cast into level 1 of the Abyss (Erolcha)
  4182 | Abyss:1  | Noticed a great orb of eyes
  4185 | Abyss:1  | Noticed a hell hog
  4192 | Abyss:1  | HP: 7/75 [hell hog/fireball (40)]
  4196 | Abyss:1  | Noticed a hell hog
  4196 | Abyss:1  | Noticed a hell hog
  4197 | Abyss:1  | Noticed a hell hog
  4199 | Abyss:1  | HP: 15/75 [hell hog/fireball (16)]
  4209 | Abyss:1  | Killed from afar by a hell hog

Illustrated notes

Levels and vault maps discovered:
D:1:      nicolae_arrival_washed_ashore, layout_basic, serial_bayou_pond_d
D:2:      layout_loops_ring, grunt_decor_mini_mirrors
D:3:      layout_rooms
D:4:      minmay_wonky_spiral, layout_basic, minmay_temple_entry_junction,
          serial_shops, nicolae_shop_statue_plus, shop, nicolae_shop_crystal,
          nicolae_shop_crystal, shop, lemuel_flame_loot_1, uniq_ijyb
D:5:      layout_rooms
D:6:      layout_basic, kennysheep_little_box, nicolae_overflow_hidden_temple,
          serial_shops, nicolae_shop_stone, nicolae_shop_stone, shop_statue,
          shop
D:7:      layout_loops_corners, chequers_temple_overflow_statue_of_worship,
          minivault_5, uniq_harold, uniq_menkaure
D:8:      layout_cave_pools, fedhas_bush_and_centaur_altar
D:9:      layout_loops_corners
D:10:     layout_gridville, david_orc_3, uniq_joseph, uniq_maurice, uniq_urug
D:11:     layout_irregular_city, erik_lair_island, kennysheep_generic_room_8,
          uniq_fannar, uniq_erolcha, uniq_gastronok
Temple:   eino_temple_scatter_basement
Abyss:1:  base:
D:6

Skill      XL: |  1  2  3  4  5  6  7  8  9 10 |
---------------+-------------------------------+-----
Earth Magic    | 5 6 8 9 10 | 10.7
Conjurations   | 2 3 |  3.1
Spellcasting   | 2 3 7 9 |  9.9
Evocations     | 5 7 |  7.0
Dodging        | |  2.1
Stealth        | |  2.4
Transmutations | |  0.8

Action                   |  1- 3 |  4- 6 |  7- 9 | 10-12 || total
-------------------------+-------+-------+-------+-------++-------
Melee: Club              |    37 |    13 |       |       ||    50
       Staff             |       |    21 |   106 |     9 ||   136
 Cast: Sandblast         |    49 |    45 |    61 |    21 ||   176
       Passwall          |     1 |     2 |    24 |       ||    27
       Stone Arrow       |       |     8 |    58 |     1 ||    67
       Lee's Rapid Decon |       |       |     9 |     2 ||    11
 Abil: Heal Wounds       |     1 |       |       |       ||     1
Evoke: Wand              |       |       |    27 |       ||    27
  Use: Scroll            |       |     3 |     4 |     1 ||     8
       Potion            |       |     3 |     2 |     2 ||     7
 Stab: Sleeping          |     1 |       |       |       ||     1
Armor: Ring mail         |    51 |    40 |    76 |     9 ||   176
Dodge: Dodged            |    68 |    41 |   104 |    13 ||   226

Table legend: (Time is in decaauts)
 A = Elapsed time spent in this place.
 B = Non-inter-level travel time spent in this place.
 C = Inter-level travel time spent in this place.
 D = Time resting spent in this place.
 E = Time spent auto-exploring this place.
 F = Levels seen in this place.
 G = Mean time per level.
                   A        B        C        D        E       F      G
               +--------+--------+--------+--------+--------+-----+--------+
         Total |   4254 |   4254 |      0 |      0 |      0 |  13 |  327.2 |
       Dungeon |   4172 |   4172 |      0 |      0 |      0 |  11 |  379.3 |
        Temple |     42 |     42 |      0 |      0 |      0 |   1 |   42.0 |
         Abyss |     39 |     39 |      0 |      0 |      0 |   1 |   39.0 |
               +--------+--------+--------+--------+--------+-----+--------+

Top non-repeatable levels by time:
     D:4: 532 daAuts
     D:6: 512 daAuts
    D:10: 497 daAuts
     D:7: 476 daAuts
     D:9: 421 daAuts
     D:3: 373 daAuts
     D:5: 329 daAuts
     D:1: 308 daAuts
     D:2: 292 daAuts
     D:8: 266 daAuts
    D:11: 163 daAuts
  Temple: 42 daAuts
 Abyss:1: 39 daAuts

Table legend:
 A = Kills in this place as a percentage of kills in entire the game.
 B = Kills by you in this place as a percentage of kills by you in the entire game.
 C = Kills by friends in this place as a percentage of kills by friends in the entire game.
 D = Other kills in this place as a percentage of other kills in the entire game.
 E = Experience gained in this place as a percentage of experience gained in the entire game.
 F = Experience gained in this place divided by the number of levels of this place that you have seen.
                   A       B       C       D       E      F
               +-------+-------+-------+-------+-------+----------------------
         Total | 100.0 | 100.0 |   N/A | 100.0 | 100.0 | 577.5
       Dungeon | 100.0 | 100.0 |   N/A | 100.0 | 100.0 | 682.5
               +-------+-------+-------+-------+-------+----------------------
